 Dungeon Crawl Stone Soup version 0.21.0 (webtiles) character file.

4598 Gaball the Spear-Bearer (level 10, -1/70 HPs)
             Began as a Formicid Abyssal Knight on Jan 7, 2018.
             Was an Elder of Lugonu.
             Slain by a two-headed ogre
             ... wielding a cursed -1 giant club
              (14 damage)
             ... on level 8 of the Dungeon.
             The game lasted 00:26:01 (12328 turns).

Gaball the Spear-Bearer (Formicid Abyssal Knight)  Turns: 12328, Time: 00:26:01

Health: -1/70      AC: 13    Str: 20    XL:     10   Next: 69%
Magic:  11/11      EV:  8    Int: 12    God:    Lugonu [****..]
Gold:   476        SH:  0    Dex: 10    Spells: 9/9 levels left

rFire    + . .     SeeInvis +   m - +4 halberd
rCold    . . .     Gourm    .   (no shield)
rNeg     . . .     Faith    .   E - +0 chain mail
rPois    +         Spirit   .   (helmet unavailable)
rElec    .         Reflect  .   n - +0 cloak
rCorr    .         Harm     .   s - +0 pair of gloves
MR       +....                  (no boots)
Stlth    ..........             (no amulet)
HPRegen  0.21/turn              C - ring of poison resistance
MPRegen  0.12/turn              I - ring of protection from fire

@: no status effects
A: permanent stasis, dig shafts and tunnels, four strong arms, antennae 3
a: Dig, Shaft Self, Depart the Abyss, Bend Space, Banish, Corrupt, Renounce
Religion


You were on level 8 of the Dungeon.
You worshipped Lugonu.
Lugonu was greatly pleased with you.
You were not hungry.

You visited 1 branch of the dungeon, and saw 9 of its levels.
You visited the Abyss 1 time.

You collected 637 gold pieces.
You spent 161 gold pieces at shops.

Inventory:

Hand Weapons
 a - a +2 spear
 m - a +4 halberd (weapon)
 Q - a +1 hand crossbow of freezing
Armour
 b - a +0 leather armour
 n - a +0 cloak (worn)
 r - a +0 ring mail
 s - a +0 pair of gloves (worn)
 E - a +0 chain mail (worn)
 P - the +2 leather armour "Numial" {Dex+4}
   (You found it on level 8 of the Dungeon)

   It affects your dexterity (+4).
Jewellery
 x - an uncursed ring of protection from fire
 C - a ring of poison resistance (left hand)
 I - a ring of protection from fire (right hand)
 J - an uncursed amulet of harm
Wands
 F - a wand of polymorph (2)
 O - a wand of random effects (27)
Scrolls
 f - 5 scrolls of teleportation
 g - a scroll of fear
 k - a scroll of fog {unknown}
 l - 2 scrolls of remove curse
 o - 3 scrolls of blinking
 p - 2 scrolls of enchant weapon
 q - 5 scrolls of amnesia
 w - a scroll of random uselessness
 y - 2 scrolls of summoning
 A - a scroll of enchant armour
 N - a scroll of magic mapping {unknown}
 R - a scroll of acquirement {unknown}
Potions
 d - 4 potions of curing
 e - 3 potions of lignification
 h - a potion of haste {unknown}
 i - 4 potions of magic
 j - 4 potions of flight {unknown}
 u - a potion of heal wounds {unknown}
 z - a potion of agility {unknown}
 B - a potion of might {unknown}
 H - a potion of degeneration
 K - 2 potions of invisibility
 L - a potion of berserk rage {unknown}
Books
 t - a book of Maledictions

   Spells                             Type                      Level
   a - Corona                         Hexes                        1
   b - Ensorcelled Hibernation        Hexes/Ice                    2
   c - Confuse                        Hexes                        3
   d - Tukima's Dance                 Hexes                        3
   e - Dazzling Spray                 Conjuration/Hexes            3
 v - a book of Changes

   Spells                             Type                      Level
   a - Beastly Appendage              Transmutation                1
   b - Sticks to Snakes               Transmutation                2
   c - Spider Form                    Transmutation/Poison         3
   d - Ice Form                       Ice/Transmutation            4
   e - Blade Hands                    Transmutation                5
 D - a book of Debilitation

   Spells                             Type                      Level
   a - Corona                         Hexes                        1
   b - Slow                           Hexes                        2
   c - Inner Flame                    Hexes/Fire                   3
   d - Portal Projectile              Hexes/Translocation          3
   e - Cause Fear                     Hexes                        4
   f - Leda's Liquefaction            Hexes/Earth                  4
 G - a book of Flames

   Spells                             Type                      Level
   a - Flame Tongue                   Conjuration/Fire             1
   b - Throw Flame                    Conjuration/Fire             2
   c - Conjure Flame                  Conjuration/Fire             3
   d - Inner Flame                    Hexes/Fire                   3
   e - Sticky Flame                   Conjuration/Fire             4
   f - Fireball                       Conjuration/Fire             5
 M - a book of Necromancy

   Spells                             Type                      Level
   a - Pain                           Necromancy                   1
   b - Animate Skeleton               Necromancy                   1
   c - Vampiric Draining              Necromancy                   3
   d - Regeneration                   Charms/Necromancy            3
   e - Animate Dead                   Necromancy                   4
   f - Borgnjor's Vile Clutch         Necromancy/Earth             5
 S - a book of Air

   Spells                             Type                      Level
   a - Shock                          Conjuration/Air              1
   b - Swiftness                      Charms/Air                   2
   c - Static Discharge               Conjuration/Air              3
   d - Airstrike                      Air                          4
   e - Lightning Bolt                 Conjuration/Air              5
Comestibles
 c - 16 rations


   Skills:
 - Level 3.2 Fighting
 + Level 12.7 Polearms
 + Level 8.4 Armour
 - Level 0.8 Dodging
 - Level 2.1 Invocations


You had 9 spell levels left.
You didn't know any spells.

Dungeon Overview and Level Annotations

Branches:
Dungeon (9/15)             Temple (0/1) D:6            Lair (0/6) D:9
    Orc (0/2) D:9

Altars:
Dithmenos
Fedhas
Nemelex Xobeh
Qazlal
Trog
Xom
Yredelemnul
Zin
The Shining One

Shops:
D:5 ?   D:7 *   D:9 [(

Annotations:
D:3 Grinder
D:7 exclusion: oklob plant


Innate Abilities, Weirdness & Mutations

You cannot be hasted, slowed, berserked, paralysed or teleported.
You can dig through walls and to a lower floor.
Your four strong arms can wield two-handed weapons with a shield.
You have a pair of large antennae on your head. (SInv)


Message History

You hit the komodo dragon.
The komodo dragon is heavily wounded.
The komodo dragon bites you!!
* * * LOW HITPOINT WARNING * * *
All of the chunks of flesh in your inventory have rotted away.
Okay, then.
You see here a tomahawk.
Items here: )) [[[[ รท You see here a tomahawk.
There is a stone staircase leading up here.
The komodo dragon bites you!!
* * * LOW HITPOINT WARNING * * *
You climb upwards.
There is a stone staircase leading down here.
The komodo dragon barely misses you.
The two-headed ogre shouts in stereo!
The two-headed ogre hits you with a giant club!
* * * LOW HITPOINT WARNING * * *
The two-headed ogre hits you with a giant spiked club!
You die...

.....###...............##
#......#..............##
######...............## #
###............## #
##..........## #
###........# #.......##
##### #....O..### #...#
#...#.@...### ##...#
##.##.#.....####....#
####l####.....#....# #..#
###.......## #.##
####...## ##.# ##..# #..#
#### #.## ###.#


You could see a two-headed ogre and a komodo dragon.

Vanquished Creatures
  The ghost of Vajrapani the Magician, a novice BaWz of Sif Muna (D:5)
  A hippogriff (D:7)
  A wraith (D:8)
  4 hogs (D:7)
  A human (D:7)
  6 orc warriors
  A black bear (D:7)
  2 ice beasts
  A sky beast (D:5)
  An ogre (D:8)
  3 phantoms
  2 centaurs
  A crocodile (D:8)
  A big kobold (D:9)
  2 bullfrogs
  A wyvern zombie (D:8)
  2 scorpions
  7 killer bees
  A howler monkey (D:4)
  2 centaur zombies
  3 crimson imps
  A jelly (D:7)
  5 orc priests
  A bullfrog skeleton (D:6)
  5 orc wizards
  7 iguanas
  5 worker ants
  A hound zombie (D:5)
  Robin (D:3)
  6 gnolls
  3 adders
  2 adder skeletons
  A worm (D:2)
  4 dart slugs (D:1)
  4 leopard geckos
  35 orcs
  6 bats
  4 giant cockroaches
  13 goblins
  9 hobgoblins
  12 jackals
  3 quokkas
  A ball python (D:5)
  A ball python skeleton (D:4)
  5 frilled lizards
  7 kobolds
  A leopard gecko skeleton (D:8)
  A quokka skeleton (D:4)
  9 rats
197 creatures vanquished.

Vanquished Creatures (others)
  An ogre (D:4)
  3 plants (D:9)
4 creatures vanquished.

Grand Total: 201 creatures vanquished

Notes
Turn   | Place    | Note
-------+----------+-------------------------------------------
     0 | Abyss:1  | Gaball the Formicid Abyssal Knight began the quest for the Orb.
     0 | Abyss:1  | Reached XP level 1. HP: 18/18 MP: 2/2
    32 | Abyss:3  | Noticed a vampire mage
    41 | D:1      | Escaped the Abyss
   251 | D:1      | Reached XP level 2. HP: 21/24 MP: 3/3
   305 | D:1      | Reached * piety under Lugonu
   339 | D:1      | Reached skill level 3 in Polearms
   495 | D:1      | Reached XP level 3. HP: 29/29 MP: 4/4
  1308 | D:2      | Found a faded altar of an unknown god.
  1330 | D:2      | Reached skill level 4 in Polearms
  1330 | D:2      | Reached XP level 4. HP: 35/35 MP: 5/5
  1340 | D:2      | Reached ** piety under Lugonu
  2032 | D:3      | Noticed an earth elemental
  2033 | D:3      | Found a stormy altar of Qazlal.
  2035 | D:3      | Noticed a water elemental
  2035 | D:3      | Noticed an air elemental
  2035 | D:3      | Noticed a fire elemental
  2219 | D:3      | Noticed Grinder
  2280 | D:3      | Found a sparkling altar of Nemelex Xobeh.
  2280 | D:3      | Noticed Robin
  2483 | D:3      | Killed Robin
  2483 | D:3      | Reached XP level 5. HP: 33/41 MP: 6/6
  2998 | D:3      | Reached *** piety under Lugonu
  3027 | D:3      | Reached skill level 5 in Polearms
  3091 | D:3      | Reached XP level 6. HP: 9/47 MP: 7/7
  3446 | D:4      | Reached skill level 6 in Polearms
  3752 | D:4      | Noticed an ogre
  4235 | D:4      | Noticed a phantom
  4274 | D:4      | Killed a phantom
  4274 | D:4      | Reached XP level 7. HP: 12/52 MP: 8/8
  4555 | D:4      | Reached skill level 7 in Polearms
  5351 | D:5      | Entered Level 5 of the Dungeon
  5793 | D:4      | Reached skill level 8 in Polearms
  5864 | D:5      | Found a glowing golden altar of the Shining One.
  6282 | D:5      | Found Hibboar's Magic Scroll Shop.
  6290 | D:5      | Bought a scroll of summoning for 133 gold pieces
  6290 | D:5      | Bought a scroll of identify for 28 gold pieces
  6562 | D:5      | Noticed Vajrapani's ghost (novice BaWz)
  6586 | D:5      | Killed Vajrapani's ghost
  6586 | D:5      | Reached skill level 9 in Polearms
  6586 | D:5      | Reached XP level 8. HP: 25/58 MP: 9/9
  6840 | D:6      | Found a bloodstained altar of Trog.
  7143 | D:6      | Reached skill level 10 in Polearms
  7361 | D:6      | Reached XP level 9. HP: 63/64 MP: 10/10
  7601 | D:5      | Reached skill level 11 in Polearms
  7727 | D:6      | Reached **** piety under Lugonu
  7814 | D:6      | Found a staircase to the Ecumenical Temple.
  8286 | D:7      | Reached skill level 5 in Armour
  8426 | D:7      | Found Zin's Purification Station.
  8431 | D:7      | Found a glowing silver altar of Zin.
  8472 | D:7      | Reached XP level 10. HP: 70/70 MP: 11/11
  8544 | D:7      | Reached skill level 12 in Polearms
  8555 | D:7      | Found a blossoming altar of Fedhas.
  8576 | D:7      | Noticed an oklob plant
  9456 | D:7      | Found a basalt altar of Yredelemnul.
 10399 | D:8      | Found a shadowy altar of Dithmenos.
 10601 | D:8      | Found a sparkling altar of Nemelex Xobeh.
 10601 | D:8      | Found a glowing silver altar of Zin.
 10605 | D:8      | Found a shimmering altar of Xom.
 10605 | D:8      | Found a blossoming altar of Fedhas.
 10917 | D:8      | Got a slimy leather armour
 11078 | D:8      | Identified the +2 leather armour "Numial" {Dex+4} (You found it on level 8 of the Dungeon)
 11104 | D:8      | Noticed a two-headed ogre
 11515 | D:8      | Found the +7 Spriggan's Knife {MR+ EV+4 Dex+4 Stlth+}
 11639 | D:9      | Found Cokasharr's Antique Weapon Emporium.
 11688 | D:9      | Found a staircase to the Orcish Mines.
 11824 | D:9      | Found Bezoig's Armour Shoppe.
 11940 | D:9      | Found a shimmering altar of Xom.
 12146 | D:9      | Found a staircase to the Lair.
 12146 | D:9      | Noticed a komodo dragon
 12328 | D:8      | Slain by a two-headed ogre

Skill      XL: |  1  2  3  4  5  6  7  8  9 10 |
---------------+-------------------------------+-----
Polearms       | 3 4 5 6 9 10 11 12 | 12.7
Armour         | 6 8 |  8.4
Fighting       | |  3.2
Dodging        | |  0.8
Invocations    | |  2.1

Action                   |  1- 3 |  4- 6 |  7- 9 | 10-12 || total
-------------------------+-------+-------+-------+-------++-------
Melee: Spear             |   124 |   211 |   184 |       ||   519
       Halberd           |       |       |   186 |   257 ||   443
       Unarmed           |       |       |     6 |       ||     6
Invok: Depart the Abyss  |     1 |       |       |       ||     1
       Banish            |       |       |     1 |       ||     1
Evoke: Wand              |       |       |       |     3 ||     3
  Use: Scroll            |       |     3 |     5 |     6 ||    14
       Potion            |       |       |     4 |       ||     4
  Eat: Chunk             |     1 |     6 |     4 |    12 ||    23
       Ration            |       |     1 |     3 |       ||     4
Armor: Leather armour    |    28 |    38 |     4 |       ||    70
       Ring mail         |       |       |    50 |       ||    50
       Skin              |       |       |    61 |       ||    61
       Chain mail        |       |       |    16 |    84 ||   100
Dodge: Dodged            |    45 |    72 |   106 |    65 ||   288
